 Dungeon Crawl Stone Soup version 0.23.0 (webtiles) character file.

Game seed: 5555434323000633409

175 LLavrengius the Chopper (level 5, -1/48 HPs)
             Began as a Hill Orc Fighter on Feb 13, 2019.
             Slain by Grinder (8 damage)
             ... on level 3 of the Dungeon.
             The game lasted 00:04:58 (2066 turns).

LLavrengius the Chopper (Hill Orc Fighter)          Turns: 2066, Time: 00:04:59

Health: -1/48      AC:  6    Str: 20    XL:     5   Next: 55%
Magic:  5/5        EV:  7    Int:  8    God:
Gold:   124        SH:  9    Dex: 10    Spells: 4/4 levels left

rFire    . . .     SeeInvis .   a - +0 war axe
rCold    . . .     Gourm    .   c - +0 shield
rNeg     . . .     Faith    .   b - +0 scale mail
rPois    .         Spirit   .   (no helmet)
rElec    .         Reflect  .   (no cloak)
rCorr    .         Harm     .   (no gloves)
MR       .....                  (no boots)
Stlth    ..........             (no amulet)
HPRegen  0.16/turn              (no ring)
MPRegen  0.09/turn              (no ring)

@: no status effects
A: no striking features
a: no special abilities


You were on level 3 of the Dungeon.
You were hungry.

You visited 1 branch of the dungeon, and saw 3 of its levels.

You collected 124 gold pieces.

Inventory:

Hand Weapons
 a - a +0 war axe (weapon)
Armour
 b - a +0 scale mail (worn)
 c - a +0 shield (worn)
Jewellery
 d - a +5 ring of intelligence
 e - an uncursed amulet of regeneration {unknown}
Scrolls
 g - a scroll of fear {unknown}
 h - a scroll of random uselessness {unknown}
 i - a scroll of noise {unknown}
 n - 5 scrolls of identify {unknown}
 o - a scroll of teleportation {unknown}
 p - 2 scrolls of remove curse {unknown}
Potions
 j - a potion of lignification {unknown}
 k - a potion of flight {unknown}
 l - a potion of brilliance {unknown}
 m - a potion of degeneration {unknown}
 q - 2 potions of curing {unknown}
 r - a potion of heal wounds {unknown}
 s - a potion of cancellation {unknown}
Comestibles
 f - 7 rations


   Skills:
 + Level 5.1 Fighting
 * Level 6.2 Axes
 - Level 3.2 Armour
 - Level 3.2 Shields


You had 4 spell levels left.
You didn't know any spells.
Your spell library was empty.

Dungeon Overview and Level Annotations

Branches:
Dungeon (3/15)

Altars:
Kikubaaqudgha
The Shining One

Annotations:
D:3 Grinder


Message History

Grinder gestures at you. Pain shoots through your body!
* * * LOW HITPOINT WARNING * * *
You hit Grinder.
Grinder is severely wounded.
Grinder says, "There's only one good use for a tongue: cutting it out."
Grinder hits you but does no damage.
You hit Grinder.
Grinder is severely wounded.
You block Grinder's attack.
Your shield prevents you from hitting Grinder.
Grinder is severely wounded.
Grinder hits you.
* * * LOW HITPOINT WARNING * * *
You writhe in agony.
* * * LOW HITPOINT WARNING * * *
You hit Grinder but do no damage.
Grinder is severely wounded.
Grinder hits you!
You die...

#...# #..# #...#.# ###.###
###..# #..##.# # #...#
#....####...... .. ###.##
###.##......[.... ...####..#
#...#####........
.........#######.####..........[
.................##..........###
..........................#(##.†
...............@....##..#....#.[
#...............5......##..#...#
#..................##..##......#
#............<......#...#......#
##..............................
#.(...........÷................
##.......[..)...#....>......).>
...........#...........†))
###....###..............†)


You could see Grinder.

Vanquished Creatures
  A crimson imp (D:3)
  An orc priest (D:3)
  An orc wizard (D:3)
  An adder (D:2)
  An ooze (D:3)
  2 worms (D:2)
  3 dart slugs
  2 leopard geckos
  4 orcs (D:3)
  5 giant cockroaches
  5 hobgoblins
  5 kobolds
  2 ball pythons
  9 bats
  6 frilled lizards
  2 goblins
  3 rats
53 creatures vanquished.

Notes
Turn   | Place    | Note
-------+----------+-------------------------------------------
     0 | D:1      | LLavrengius the Hill Orc Fighter began the quest for the
                  | Orb.
     0 | D:1      | Reached XP level 1. HP: 19/19 MP: 1/1
   162 | D:1      | Reached skill level 3 in Axes
   167 | D:1      | Reached XP level 2. HP: 19/27 MP: 2/2
  1029 | D:2      | Reached skill level 4 in Axes
  1029 | D:2      | Reached XP level 3. HP: 33/33 MP: 3/3
  1083 | D:3      | Noticed Grinder
  1460 | D:2      | Found an ancient bone altar of Kikubaaqudgha.
  1461 | D:2      | Found a glowing golden altar of the Shining One.
  1848 | D:3      | Reached XP level 4. HP: 41/41 MP: 4/4
  1898 | D:3      | Reached skill level 5 in Axes
  1901 | D:3      | Reached XP level 5. HP: 38/47 MP: 5/5
  1932 | D:3      | Reached skill level 5 in Fighting
  1932 | D:3      | Reached skill level 6 in Axes
  2048 | D:3      | Paralysed by Grinder for 4 turns
  2058 | D:3      | Paralysed by Grinder for 2 turns
  2066 | D:3      | Slain by Grinder

Skill      XL: |  1  2  3  4  5 |
---------------+----------------+-----
Axes           | 3 4 5 6 |  6.2
Fighting       | 4 5 |  5.1
Armour         | |  3.2
Shields        | |  3.2

Action                   |  1- 3 |  4- 6 || total
-------------------------+-------+-------++-------
Melee: War axe           |   109 |    36 ||   145
  Use: Potion            |       |     1 ||     1
  Eat: Chunk             |     3 |       ||     3
Armor: Scale mail        |    59 |    16 ||    75
Dodge: Dodged            |    45 |     9 ||    54
Block: Shield            |    68 |    28 ||    96
